TOP OF THE 1ST |
Pittsburgh Pirates batting - Pitching for Atlanta Braves : LHP Nolan Stefanski
|
Pitching: LHP Nolan Stefanski
|
|
Batting: RHB Mike Bates
|
0-0: Ball 1-0: Swinging Strike 1-1: Foul Ball, location: 2F 1-2: Ball 2-2: SINGLE (Line Drive, 34, EV 98.8 MPH)
|
Batting: RHB Chris Pozzi
|
0-0: Called Strike Mike Bates is caught stealing 2nd base 2-4 0-1: Foul Ball, location: 2F 0-2: Ball 1-2: Foul Ball, location: 2F 1-2: Strikes out swinging
|
Batting: RHB Raul Mendoza
|
0-0: Ball 1-0: Called Strike 1-1: Ball 2-1: Called Strike 2-2: Fly out, F8 (Flyball, 8RM, EV 92.5 MPH)
|
Top of the 1st over - 0 runs, 1 hit, 0 errors, 0 left on base; Pittsburgh 0 - Atlanta 0 |
BOTTOM OF THE 1ST |
Atlanta Braves batting - Pitching for Pittsburgh Pirates : RHP Vince Scripp
|
Pitching: RHP Vince Scripp
|
|
Batting: RHB Rich Stinson
|
0-0: Called Strike 0-1: Ball 1-1: DOUBLE (Line Drive, 9LM, EV 108.1 MPH)
|
Batting: LHB Erik Gretzky
|
0-0: Sac Bunt to 15S - play at first, batter OUT! 1-3 Rich Stinson to third
|
Batting: SHB Jason Woods
|
0-0: Called Strike 0-1: Called Strike 0-2: Ball 1-2: Strikes out looking
|
Batting: SHB Terry Tuckfard
|
0-0: Called Strike 0-1: Called Strike 0-2: Foul Ball, location: 2F 0-2: Ground out 4-3 (Groundball, 4, EV 110.0 MPH)
|
Bottom of the 1st over - 0 runs, 1 hit, 0 errors, 1 left on base; Pittsburgh 0 - Atlanta 0 |
TOP OF THE 2ND |
Pittsburgh Pirates batting - Pitching for Atlanta Braves : LHP Nolan Stefanski
|
Batting: SHB Marvin McAleer
|
0-0: Ball 1-0: Called Strike 1-1: Ground out 6-3 (Groundball, 6S, EV 70.6 MPH)
|
Batting: RHB Andrew Robinson
|
0-0: Ball 1-0: Called Strike 1-1: Ball 2-1: Ball 3-1: Foul Ball, location: 2F 3-2: Base on Balls
|
Batting: RHB Bubba Tierney
|
0-0: Ball 1-0: Swinging Strike 1-1: Ball 2-1: Ball 3-1: Base on Balls Andrew Robinson to second
|
Batting: LHB Micah Boshnjaku
|
0-0: Called Strike 0-1: Called Strike 0-2: Strikes out looking
|
Batting: LHB Davey Schonewille
|
0-0: Ball 1-0: Called Strike 1-1: Ball 2-1: SINGLE (Groundball, 34D, EV 97.5 MPH) Andrew Robinson to third Bubba Tierney to second Runner from 3rd tries for Home, SAFE, throw by RF to home
|
Batting: SHB Trevor Weareorwear
|
0-0: Foul Ball, location: 2F 0-1: Ball Wild Pitch! Bubba Tierney to third Davey Schonewille to second 1-1: Ball 2-1: Called Strike 2-2: Reached on error, E6 (Groundball, 6, EV 101.9 MPH) Bubba Tierney scores Davey Schonewille scores
|
Batting: RHB Mike Bates
|
0-0: Called Strike 0-1: Ball 1-1: Ball 2-1: Called Strike 2-2: Ball 3-2: Base on Balls
|
Batting: RHB Chris Pozzi
|
0-0: Ball 1-0: Foul Ball, location: 2F 1-1: Ball 2-1: Ball 3-1: Base on Balls Trevor Weareorwear to third Mike Bates to second
|
Batting: RHB Raul Mendoza
|
0-0: Called Strike 0-1: Hit by Pitch Trevor Weareorwear scores Mike Bates to third Chris Pozzi to second
|
Batting: SHB Marvin McAleer
|
0-0: Foul Ball, location: 2F 0-1: Ball 1-1: Called Strike 1-2: Strikes out swinging
|
Top of the 2nd over - 4 runs, 1 hit, 1 error, 3 left on base; Pittsburgh 4 - Atlanta 0 |
BOTTOM OF THE 2ND |
Atlanta Braves batting - Pitching for Pittsburgh Pirates : RHP Vince Scripp
|
Batting: RHB Jordan Martin
|
0-0: Ball 1-0: Swinging Strike 1-1: Fly out, F8 (Flyball, 8RM, EV 90.6 MPH)
|
Batting: RHB Ike Trout
|
0-0: Swinging Strike 0-1: Ball 1-1: Ball 2-1: SINGLE (Groundball, 56D, EV 105.0 MPH)
|
Batting: RHB Xavier Davis
|
0-0: Ball 1-0: Called Strike 1-1: Foul Ball, location: 2F 1-2: Ball 2-2: Foul Ball, location: 2F 2-2: Grounds into double play, 6-4-3 (Groundball, 6, EV 101.9 MPH)
|
Bottom of the 2nd over - 0 runs, 1 hit, 0 errors, 0 left on base; Pittsburgh 4 - Atlanta 0 |
TOP OF THE 3RD |
Pittsburgh Pirates batting - Pitching for Atlanta Braves : LHP Nolan Stefanski
|
Batting: RHB Andrew Robinson
|
0-0: Fly out, F9 (Flyball, 9D, EV 99.4 MPH)
|
Batting: RHB Bubba Tierney
|
0-0: Foul Ball, location: 2F 0-1: SINGLE (Line Drive, 34D, EV 106.9 MPH)
|
Batting: LHB Micah Boshnjaku
|
0-0: Fly out, F8 (Line Drive, 8LM, EV 86.9 MPH)
|
Batting: LHB Davey Schonewille
|
0-0: Foul Ball, location: 2F 0-1: Ball 1-1: Swinging Strike 1-2: Foul Ball, location: 2F 1-2: Ball 2-2: Strikes out looking
|
Top of the 3rd over - 0 runs, 1 hit, 0 errors, 1 left on base; Pittsburgh 4 - Atlanta 0 |
BOTTOM OF THE 3RD |
Atlanta Braves batting - Pitching for Pittsburgh Pirates : RHP Vince Scripp
|
Batting: RHB Luis Torres
|
0-0: Ball 1-0: Ball 2-0: Foul Ball, location: 2F 2-1: Ground out U3 (Groundball, 34, EV 82.5 MPH)
|
Batting: RHB Tade Post
|
0-0: Fly out, F6 (Line Drive, 6D, EV 68.8 MPH)
|
Batting: RHB Rich Stinson
|
0-0: Ball 1-0: Foul Ball, location: 2F 1-1: Called Strike 1-2: Ball 2-2: Foul Ball, location: 2F 2-2: Ball 3-2: Base on Balls
|
Batting: LHB Erik Gretzky
|
0-0: Swinging Strike 0-1: Ball 1-1: Fly out, F9 (Flyball, 89M, EV 93.1 MPH)
|
Bottom of the 3rd over - 0 runs, 0 hits, 0 errors, 1 left on base; Pittsburgh 4 - Atlanta 0 |
TOP OF THE 4TH |
Pittsburgh Pirates batting - Pitching for Atlanta Braves : LHP Nolan Stefanski
|
Batting: SHB Trevor Weareorwear
|
0-0: Foul Ball, location: 2F 0-1: Ball 1-1: Swinging Strike 1-2: Foul Ball, location: 2F 1-2: Ball 2-2: Ground out 6-3 (Groundball, 6, EV 80.0 MPH)
|
Batting: RHB Mike Bates
|
0-0: Called Strike 0-1: Ball 1-1: Swinging Strike 1-2: Ball 2-2: Strikes out swinging
|
Batting: RHB Chris Pozzi
|
0-0: Ball 1-0: Called Strike 1-1: SINGLE (Line Drive, 89M, EV 93.8 MPH)
|
Pitching: RHP Chong-hun Park
|
|
Batting: RHB Adam Burke
|
0-0: Ball 1-0: SINGLE (Groundball, 34D, EV 101.2 MPH) Chris Pozzi to second Runner from 2nd tries for 3rd, SAFE, throw by RF made to third
|
Pinch Hitting: RHB Luis Ramos
|
0-0: Foul Ball, location: 2F 0-1: SINGLE (Groundball, 56D, EV 97.5 MPH) Chris Pozzi scores Adam Burke to second
|
Pinch Hitting: RHB Eisse Bravenboer
|
0-0: Called Strike 0-1: Ball 1-1: Ball 2-1: Ground out 1-3 (Groundball, P, EV 68.1 MPH)
|
Top of the 4th over - 1 run, 3 hits, 0 errors, 2 left on base; Pittsburgh 5 - Atlanta 0 |
BOTTOM OF THE 4TH |
Atlanta Braves batting - Pitching for Pittsburgh Pirates : RHP Vince Scripp
|
Now at 1B: Eisse Bravenboer
|
|
Now in LF: Micah Boshnjaku
|
|
Now in CF: Luis Ramos
|
|
Batting: SHB Jason Woods
|
0-0: Ball 1-0: Ball 2-0: Called Strike 2-1: Swinging Strike 2-2: Ball 3-2: Base on Balls
|
Batting: SHB Terry Tuckfard
|
0-0: Ball 1-0: Ball 2-0: Called Strike 2-1: SINGLE (Groundball, 6MD, EV 102.5 MPH) Jason Woods to second Runner from 2nd tries for 3rd, SAFE, throw by CF made to third Terry Tuckfard to second
|
Batting: RHB Jordan Martin
|
0-0: Ball 1-0: Swinging Strike 1-1: Fly out, F8 (Flyball, 78D, EV 81.9 MPH)
|
Batting: RHB Ike Trout
|
0-0: Swinging Strike 0-1: Ball 1-1: Ball 2-1: Foul Ball, location: 2F 2-2: Strikes out looking
|
Batting: RHB Xavier Davis
|
0-0: Foul Ball, location: 2F 0-1: Foul Ball, location: 2F 0-2: Ball 1-2: Fly out, F5 (Popup, 5F, EV 74.4 MPH)
|
Bottom of the 4th over - 0 runs, 1 hit, 0 errors, 2 left on base; Pittsburgh 5 - Atlanta 0 |
TOP OF THE 5TH |
Pittsburgh Pirates batting - Pitching for Atlanta Braves : RHP Chong-hun Park
|
Pitching: RHP Gordon Cushing
|
|
Now at C: John Peterson
|
|
Now at 1B: Hieronim Rutkowski
|
|
Now in LF: Rich Stinson
|
|
Now in RF: Liangde Li
|
|
Batting: RHB Bubba Tierney
|
0-0: Called Strike 0-1: Ball 1-1: Ground out 6-3 (Groundball, 6S, EV 84.4 MPH)
|
Pinch Hitting: LHB Jorge Quintana
|
0-0: Foul Ball, location: 2F 0-1: Ball 1-1: Ball 2-1: Ball 3-1: Called Strike 3-2: Foul Ball, location: 2F 3-2: Ground out 5-3 (Groundball, 15, EV 88.1 MPH)
|
Batting: LHB Davey Schonewille
|
0-0: SINGLE (Groundball, 4D, EV 103.8 MPH)
|
Pinch Hitting: LHB Xavier Pittman
|
0-0: Ball 1-0: Ball 2-0: Ball 3-0: Called Strike 3-1: Ground out 4-3 (Groundball, 34, EV 103.8 MPH)
|
Top of the 5th over - 0 runs, 1 hit, 0 errors, 1 left on base; Pittsburgh 5 - Atlanta 0 |
BOTTOM OF THE 5TH |
Atlanta Braves batting - Pitching for Pittsburgh Pirates : RHP Vince Scripp
|
Now at 2B: Xavier Pittman
|
|
Now in LF: Jorge Quintana
|
|
Now in RF: Marc Carter
|
|
Batting: RHB Luis Torres
|
0-0: Ground out U3 (Groundball, 34, EV 91.9 MPH)
|
Batting: RHB Tade Post
|
0-0: Called Strike 0-1: Called Strike 0-2: Ball 1-2: Strikes out swinging
|
Pinch Hitting: RHB Jared Speck
|
0-0: Foul Ball, location: 2F 0-1: Ball 1-1: Ball 2-1: Ball 3-1: Foul Ball, location: 2F 3-2: Fly out, F8 (Flyball, 78S, EV 88.1 MPH)
|
Bottom of the 5th over - 0 runs, 0 hits, 0 errors, 0 left on base; Pittsburgh 5 - Atlanta 0 |
TOP OF THE 6TH |
Pittsburgh Pirates batting - Pitching for Atlanta Braves : RHP Gordon Cushing
|
Pitching: LHP Brian Gregory
|
|
Now in LF: Jared Speck
|
|
Batting: RHB Mike Bates
|
0-0: Foul Ball, location: 2F 0-1: Foul Ball, location: 2F 0-2: Strikes out swinging
|
Batting: RHB Chris Pozzi
|
0-0: Ball 1-0: Swinging Strike 1-1: Called Strike 1-2: Foul Ball, location: 2F 1-2: Ball 2-2: Strikes out swinging, 2-3 out at first.
|
Batting: RHB Adam Burke
|
0-0: Ball 1-0: Foul Ball, location: 2F 1-1: Ball 2-1: Ball 3-1: Base on Balls
|
Batting: RHB Luis Ramos
|
0-0: Ball 1-0: Foul Ball, location: 2F 1-1: Ball 2-1: SINGLE (Line Drive, 78S, EV 107.5 MPH) Adam Burke to second Runner from 2nd tries for 3rd, OUT! 8-5
|
Top of the 6th over - 0 runs, 1 hit, 0 errors, 1 left on base; Pittsburgh 5 - Atlanta 0 |
BOTTOM OF THE 6TH |
Atlanta Braves batting - Pitching for Pittsburgh Pirates : RHP Vince Scripp
|
Pitching: RHP Ryan Sunday
|
|
Batting: RHB Liangde Li
|
0-0: Swinging Strike 0-1: Foul Ball, location: 2F 0-2: Strikes out swinging, 2-3 out at first.
|
Batting: SHB Jason Woods
|
0-0: Called Strike 0-1: Swinging Strike 0-2: Ball 1-2: Strikes out looking
|
Batting: RHB Hieronim Rutkowski
|
0-0: Swinging Strike 0-1: Ground out 6-3 (Groundball, 56, EV 106.2 MPH)
|
Bottom of the 6th over - 0 runs, 0 hits, 0 errors, 0 left on base; Pittsburgh 5 - Atlanta 0 |
TOP OF THE 7TH |
Pittsburgh Pirates batting - Pitching for Atlanta Braves : LHP Brian Gregory
|
Batting: RHB Eisse Bravenboer
|
0-0: Called Strike 0-1: Ball 1-1: Ground out 4-3 (Groundball, 34D, EV 94.4 MPH)
|
Batting: RHB Bubba Tierney
|
0-0: Swinging Strike 0-1: Ball 1-1: Ball 2-1: Ball 3-1: Called Strike 3-2: Strikes out looking
|
Batting: LHB Jorge Quintana
|
0-0: Ball 1-0: Swinging Strike 1-1: Ball 2-1: Fly out, F7 (Flyball, 7D, EV 100.0 MPH)
|
Top of the 7th over - 0 runs, 0 hits, 0 errors, 0 left on base; Pittsburgh 5 - Atlanta 0 |
BOTTOM OF THE 7TH |
Atlanta Braves batting - Pitching for Pittsburgh Pirates : RHP Ryan Sunday
|
Batting: RHB John Peterson
|
0-0: Called Strike 0-1: Ground out 3-1 (Groundball, 34S, EV 88.1 MPH)
|
Batting: RHB Ike Trout
|
0-0: Ball 1-0: Ball 2-0: Ball 3-0: Base on Balls
|
Batting: RHB Xavier Davis
|
0-0: Called Strike 0-1: Foul Ball, location: 2F 0-2: Ball 1-2: Strikes out looking
|
Batting: RHB Luis Torres
|
0-0: Ball 1-0: Ball 2-0: Foul Ball, location: 2F 2-1: Foul Ball, location: 2F 2-2: Strikes out swinging
|
Bottom of the 7th over - 0 runs, 0 hits, 0 errors, 1 left on base; Pittsburgh 5 - Atlanta 0 |
TOP OF THE 8TH |
Pittsburgh Pirates batting - Pitching for Atlanta Braves : LHP Brian Gregory
|
Pitching: LHP Shingo Miura
|
|
Batting: LHB Marc Carter
|
0-0: Called Strike 0-1: Ball 1-1: Ball 2-1: Ball 3-1: Called Strike 3-2: Foul Ball, location: 2F 3-2: Foul Ball, location: 2F 3-2: Strikes out swinging
|
Batting: LHB Xavier Pittman
|
0-0: Called Strike 0-1: Foul Ball, location: 2F 0-2: Ball 1-2: Ball 2-2: Ground out U3 (Groundball, 3L, EV 83.1 MPH)
|
Batting: RHB Mike Bates
|
0-0: Called Strike 0-1: Swinging Strike 0-2: Ball 1-2: Ball 2-2: Foul Ball, location: 2F 2-2: Strikes out looking
|
Top of the 8th over - 0 runs, 0 hits, 0 errors, 0 left on base; Pittsburgh 5 - Atlanta 0 |
BOTTOM OF THE 8TH |
Atlanta Braves batting - Pitching for Pittsburgh Pirates : RHP Ryan Sunday
|
Pitching: RHP Jeremy Parsnip
|
|
Batting: RHB Tade Post
|
0-0: Ground out 3-1 (Groundball, 13, EV 89.4 MPH)
|
Batting: RHB Jared Speck
|
0-0: Fly out, F5 (Popup, 5SF, EV 63.8 MPH)
|
Batting: RHB Liangde Li
|
0-0: Ball 1-0: Ball 2-0: Swinging Strike 2-1: Ball 3-1: Foul Ball, location: 2F 3-2: Foul Ball, location: 2F 3-2: Foul Ball, location: 2F 3-2: Ground out 4-3 (Groundball, 4, EV 100.0 MPH)
|
Bottom of the 8th over - 0 runs, 0 hits, 0 errors, 0 left on base; Pittsburgh 5 - Atlanta 0 |
TOP OF THE 9TH |
Pittsburgh Pirates batting - Pitching for Atlanta Braves : LHP Shingo Miura
|
Pitching: RHP Damian Molina
|
|
Pinch Hitting: SHB Brad Day
|
0-0: Called Strike 0-1: Swinging Strike 0-2: Ball 1-2: Strikes out swinging wild pitch, reaches first!
|
Batting: RHB Adam Burke
|
0-0: Ball Brad Day steals 2nd base 1-0: Ball 2-0: Ground out 6-3 (Groundball, 6, EV 80.6 MPH) Brad Day to third
|
Batting: RHB Luis Ramos
|
0-0: Ball 1-0: Swinging Strike 1-1: Ball 2-1: Foul Ball, location: 2F 2-2: Fly out, F7 (Flyball, 78M, EV 81.2 MPH) Runner from 3rd tags up, SCORES, throw by LF
|
Batting: RHB Eisse Bravenboer
|
0-0: Foul Ball, location: 2F 0-1: Called Strike 0-2: Ball 1-2: Ball 2-2: Fly out, F9 (Flyball, 89D, EV 98.8 MPH)
|
Top of the 9th over - 1 run, 0 hits, 0 errors, 0 left on base; Pittsburgh 6 - Atlanta 0 |
BOTTOM OF THE 9TH |
Atlanta Braves batting - Pitching for Pittsburgh Pirates : RHP Jeremy Parsnip
|
Pitching: RHP Justin West
|
|
Now at C: Brad Day
|
|
Batting: SHB Jason Woods
|
0-0: Ball 1-0: Called Strike 1-1: Fly out, F9 (Flyball, 9LM, EV 90.6 MPH)
|
Batting: RHB Hieronim Rutkowski
|
0-0: Ball 1-0: Ball 2-0: Ball 3-0: Base on Balls
|
Batting: RHB John Peterson
|
0-0: Foul Ball, location: 2F 0-1: Ball 1-1: Ball 2-1: Foul Ball, location: 2F 2-2: Ball 3-2: Grounds into double play, 6-4-3 (Groundball, 6, EV 84.4 MPH)
|
Bottom of the 9th over - 0 runs, 0 hits, 0 errors, 0 left on base; Pittsburgh 6 - Atlanta 0 |
|